Bumble, lawful male dwarven Archeologist -----###########################################``## |(^..# -----# ------------ |...| ###################### |...|####...........| |...| ##%##### -----------# #....| |.........(| |...-##### -------.---- |......)..|# ###|...| #...........| -.-|- # |.(........| |.d.......|# # |...-####|..........| ## # ##-..........| |..........#####....| |......._..| # # |...........#######...@.....>| |...| ------------ # # ------------ ----------- ----- --.--.-- |.....^.## |<.....| |.......########################` ----.--- # Bumble the Field Worker Experience level: 3 Strength: 14 Dexterity: 9 Constitution: 12 Intelligence: 13 Wisdom: 13 Charisma: 13 Health: 0(33) Energy: 9(9) Def: 2 Gold: 213 Moves: 1574 Dungeon seed: zCMKhnsRla-Loyqd Game ID: Bumble_1515568461 Your Inventory: Coins $ - 213 gold pieces Weapons a - a +2 bullwhip (weapon in hand) l - a +0 dagger w - 2 +0 arrows x - a +0 orcish dagger (in quiver) Armor e - an uncursed +0 leather jacket (being worn) n - an uncursed +0 fedora (being worn) r - an uncursed +0 pair of jumping boots (being worn) Comestibles b - 2 uncursed food rations o - an uncursed partly eaten food ration Spellbooks B - an uncursed spellbook of force bolt Potions j - a blessed potion of levitation Tools c - a +0 pick-axe d - a tinning kit (0:46) f - an uncursed sack g - an uncursed tin opener Gems q - an uncursed touchstone y - an uncursed worthless piece of violet glass Spells and supernatural/magical abilities: Name Level Category Fail Memory W - pray for help -- divine ? -- Y - supernatural jump -- ability ? -- Your skills at the end: Fighting Skills Weapon Skills pick-axe [Basic] whip [Basic] Spellcasting Skills Final Attributes: You were piously aligned. You had infravision. You were stealthy. You could jump. You were fast. You are dead. Vanquished creatures: a giant bat an orc zombie 2 acid blobs a gas spore 2 giant rats a brown mold a yellow mold 9 jackals a kobold 2 goblins 2 sewer rats 8 grid bugs 2 lichens 3 newts 36 creatures vanquished. Voluntary challenges: You were vegetarian. You were an atheist. You used a wielded weapon 43 times, starting on turn 4. You read items or engraved 5 times, starting on turn 487. You never genocided any monsters. You never polymorphed an object. You never changed form. You used no wishes. You never split a pudding. You never wrote Elbereth's name. You never violated your personal moral code. Dungeon overview: The Dungeons of Doom: levels 1 to 4 Level 1 a sink a long staircase Level 2 a general store Level 3 <- You were here an altar to Huhetotl Level 4 a fountain History has recorded: On T:1 you entered the Dungeons of Doom to retrieve the Amulet of Yendor! On T:358 you reached level 2 of The Dungeons of Doom. On T:639 you advanced to experience level 2. On T:644 you reached level 3 of The Dungeons of Doom. On T:1111 you advanced to experience level 3. On T:1495 you reached level 4 of The Dungeons of Doom. Score breakdown: Gold: 213 ( 7927 points) Experience: 3 levels ( 7878 points) Exploration: 4 levels ( 8.33%) ( 7579 points) Discoveries: 4 items ( 1.37%) ( 3511 points) Valuables value: (no points given unless you survive) Artifact value: 0 ( 0 points) Variety of kills: 14 monsters ( 3.67%) ( 5750 points) Turncount: 1574 turns ( 0 points) Survival: died (score multiplied by 80%) Total score: 26116 Latest messages: The newt misses. The orc zombie hits! Bud misses the giant bat. You kill the acid blob! The giant bat bites Bud. You miss the giant bat. The giant bat bites! The newt bites! You hit the giant bat. The giant bat bites! You hit the giant bat. The giant bat bites! (2x) Never mind. Never mind. Yecch! This stuff tastes like poison. Your judgement is impaired. You die... The sack is empty. The sack is empty. Final status: Goodbye Bumble the Archeologist, killed by contaminated potion... You died in The Dungeons of Doom on dungeon level 3 with 26116 points, and 213 pieces of gold, after 1574 moves. You were level 3 with a maximum of 33 hit points when you died.